 Dungeon Crawl Stone Soup version 0.30.1-11-g7821555f0a (webtiles) character file.

Game seed: 11015635251911724262

3663 Peloso the Carver (level 9, 0/79 (81) HPs)
             Began as a Minotaur Fighter on Dec 11, 2023.
             Was a Believer of Okawaru.
             Slain by a wight
             ... wielding a +0 dagger
              (1 damage)
             ... on level 8 of the Dungeon.
             The game lasted 00:11:57 (6764 turns).

Peloso the Carver (Minotaur Fighter)                Turns: 6764, Time: 00:11:57

HP:   0/79 (81)     AC: 15    Str: 22    XL:     9   Next: 89%
MP:   7/8           EV:  7    Int:  5    God:    Okawaru [**....]
Gold: 460           SH:  6    Dex: 13    Spells: 8/8 levels left

rFire   . . .        a - +0 long sword
rCold   . . .        d - +0 buckler
rNeg    . . .        c - +1 plate armour
rPois   .            (helmet restricted)
rElec   .            (no cloak)
rCorr   .            (no gloves)
SInv    .            (no boots)
Will    .....        v - amulet of regeneration Stlth
                     (no ring)
HPRegen 1.13/turn    (no ring)
MPRegen 0.11/turn

%: no passive effects
@: mighty, lightly drained
A: horns 2, retaliatory headbutt
a: Renounce Religion, Heroism


You were on level 8 of the Dungeon.
You worshipped Okawaru.
Okawaru was pleased with you.
You visited 2 branches of the dungeon, and saw 9 of its levels.
You also visited: Sewer.

You collected 460 gold pieces.

Inventory:

Hand Weapons
 a - a +0 long sword (weapon)
 b - the +7 rapier "Stringbean" {flame, rCorr Str-5 Int+8 Dex-3}
   (You found it on level 7 of the Dungeon)

   Str:       It affects your strength (-5).
   Int:       It affects your intelligence (+8).
   Dex:       It affects your dexterity (-3).
   rCorr:     It protects you from acid and corrosion.
Armour
 c - a +1 plate armour (worn)
 d - a +0 buckler (worn)
Jewellery
 m - a ring of fire
 v - an amulet of regeneration (around neck)
Wands
 i - a wand of polymorph (5)
 w - a wand of digging (4)
 B - a wand of iceblast (7)
 D - a wand of flame (12)
Scrolls
 f - 2 scrolls of noise {unknown}
 g - 2 scrolls of fog
 j - 2 scrolls of enchant armour
 o - 2 scrolls of blinking
 s - 2 scrolls of teleportation
 u - a scroll of enchant weapon {unknown}
 y - a scroll of brand weapon {unknown}
 z - a scroll of immolation
 A - a scroll of poison
 C - 2 scrolls of identify
Potions
 e - a potion of might
 h - a potion of flight
 k - 3 potions of haste
 l - a potion of resistance
 n - 5 potions of curing
 p - a potion of heal wounds
 q - a potion of invisibility
 r - a potion of brilliance
 t - 2 potions of cancellation {unknown}
 x - 2 potions of berserk rage {unknown}


   Skills:
 + Level 7.8 Fighting
 + Level 11.3 Long Blades
 + Level 9.0 Armour
 + Level 1.3 Dodging
 + Level 0.7 Stealth
 + Level 7.4 Shields
 + Level 1.3 Evocations


You had 8 spell levels left.
You didn't know any spells.
Your spell library contained the following spells:

 Spells                   Type           Power      Damage    Failure   Level
 Apportation              Tloc           0%         N/A       100%        1
 Necrotise                Necr           0%         1d4       100%        1
 Poisonous Vapours        Pois/Air       0%         N/A       100%        2
 Mephitic Cloud           Conj/Pois/Air  0%         N/A       100%        3
 Portal Projectile        Hex/Tloc       0%         N/A       100%        3
 Vhi's Electric Charge    Tloc/Air       0%         N/A       100%        3
 Arcjolt                  Conj/Air       0%         1d10      100%        5
 Blade Hands              Tmut           0%         N/A       100%        5
 Freezing Cloud           Conj/Ice/Air   0%         6-21      100%        5
 Orb of Destruction       Conj           0%         9d5       100%        7
 Maxwell's Capacitive Co  Air            0%         ∞         100%        8
 Summon Small Mammal      Summ           Unusable   N/A       N/A         1
 Summon Guardian Golem    Hex/Summ       Unusable   N/A       N/A         3
 Tukima's Dance           Hex            Unusable   N/A       N/A         3
 Spellforged Servitor     Conj/Summ      Unusable   N/A       N/A         7

Dungeon Overview and Level Annotations

Branches:
Dungeon (8/15)             Temple (1/1) D:5           Sewer (visited)
   Lair: D:8-11

Altars:
Cheibriados
Fedhas
Gozag
Kikubaaqudgha
Makhleb
Okawaru
Uskayaw
Wu Jian
Xom
Yredelemnul
Zin
The Shining One


Innate Abilities, Weirdness & Mutations

You have a pair of horns on your head.
You reflexively headbutt those who attack you in melee.


Message History

You miss something.
You feel sick. Something hits you but does no damage.
You miss something. Your headbutt misses something.
You feel sick. Something hits you but does no damage.
You miss something. You headbutt something!
You feel sick. Something hits you but does no damage.
You slice something!! Okawaru accepts your kill.
Reactivating autopickup.
You feel a bit more experienced.
You feel sick.
You feel sick. You block the wight's attack.
The orc hits you but does no damage. The two-headed ogre barely misses you.
You furiously retaliate!
You headbutt the two-headed ogre! You block the two-headed ogre's attack.
There is an open door, spattered with blood here.
Items here: ) †††.
You slash the two-headed ogre!
The two-headed ogre is heavily wounded.
The orc barely misses you. The wight hits you but does no damage.
You slice the two-headed ogre!!
The two-headed ogre is almost dead.
You feel sick.
The two-headed ogre hits you with a +0 giant club!!
The two-headed ogre hits you with a +0 great mace!
* * * LOW HITPOINT WARNING * * *
The wight hits you but does no damage. The orc hits you but does no damage.
You completely miss the two-headed ogre.
You headbutt the two-headed ogre.
The two-headed ogre is almost dead.
You feel sick.
Unknown command.
You slice the two-headed ogre!!
You kill the two-headed ogre!
Okawaru is honoured by your kill.
You feel like a meek peon again.
You feel sick.
You are no longer poisoned.
The orc closely misses you. The wight hits you with a +0 dagger!
* * * LOW HITPOINT WARNING * * *
You feel drained.
You die...

#............# ###....#
#............# ##..##
.....####....# ##. ##.##
.....#..#....# #.. #####.
#.#. .....'..#....# #..
#.....# #.'.
.....#.##....###..#.......
####
######.#####...#.#........
#.##
....'......#...##z........
##...
....#......#....@)........
+....
...##..#####...##o......$.
##.##
#'########.....#.#........
#...
.........#....##..#.......
##.. .........#....##..
#.....# #..)
...###+###....##.. #####.
#... ####...........##.
##... ................##
##....
.................###
###.....


You could see a wight and an orc.

Vanquished Creatures
  A two-headed ogre (D:8)
  Pikel (D:7)
  Maggie (D:7)
  A wyvern (D:8)
  3 water moccasins
  An orc warrior (D:7)
  2 sky beasts
  An ice beast (D:5)
  A black bear (D:6)
  An ogre (D:5)
  3 lemures (D:7)
  2 phantoms
  A kobold brigand (D:8)
  4 bullfrogs
  7 scorpions
  A howler monkey (D:5)
  A crimson imp (D:3)
  5 hounds
  6 jellies
  4 orc priests
  A sleepcap (D:7)
  6 iguanas
  Natasha (D:3)
  4 orc wizards
  10 adders
  A shadow imp (D:5)
  An ufetubus (D:5)
  4 worms
  3 dart slugs
  24 orcs
  7 endoplasms
  6 giant cockroaches
  8 goblins
  5 hobgoblins
  20 jackals
  9 kobolds
  A quokka (D:3)
  6 ball pythons
  10 bats
  3 frilled lizards
  6 rats
183 creatures vanquished.

Notes
Turn   | Place    | Note
-------+----------+-------------------------------------------
     0 | D:1      | Peloso the Minotaur Fighter began the quest for the Orb.
     0 | D:1      | Reached XP level 1. HP: 19/19 MP: 0/0
    43 | D:1      | Reached XP level 2. HP: 26/27 MP: 1/1
   383 | D:1      | Reached XP level 3. HP: 33/33 MP: 2/2
   955 | D:2      | Reached skill level 3 in Long Blades
  1237 | D:2      | Reached XP level 4. HP: 34/40 MP: 3/3
  1472 | D:3      | Found a faded altar of an unknown god.
  1554 | D:3      | Reached skill level 4 in Long Blades
  1641 | D:3      | Reached XP level 5. HP: 46/46 MP: 4/4
  2096 | D:3      | Found a shimmering altar of Xom.
  2096 | D:3      | Found a burning altar of Makhleb.
  2106 | D:3      | Reached skill level 5 in Long Blades
  2212 | D:3      | Found an ornate altar of the Wu Jian Council.
  2307 | D:3      | Noticed Natasha
  2314 | D:3      | Killed Natasha
  2496 | D:4      | Reached skill level 1 in Dodging
  2627 | D:4      | Reached XP level 6. HP: 50/53 MP: 5/5
  2693 | D:4      | Noticed an angel
  2694 | D:4      | Found a glowing silver altar of Zin.
  2818 | D:4      | Reached skill level 5 in Armour
  2964 | D:4      | Reached skill level 5 in Fighting
  2964 | D:4      | Reached skill level 6 in Long Blades
  3413 | D:5      | Entered Level 5 of the Dungeon
  3423 | D:5      | Found a staircase to the Ecumenical Temple.
  3484 | D:5      | Found a glowing drain.
  3513 | D:5      | Reached XP level 7. HP: 60/61 MP: 6/6
  3527 | Sewer    | Entered a sewer
  3734 | D:5      | Reached skill level 7 in Long Blades
  3779 | D:5      | Reached skill level 5 in Shields
  3899 | D:5      | Reached skill level 8 in Long Blades
  3906 | D:5      | Reached XP level 8. HP: 57/70 MP: 7/7
  4531 | D:6      | Reached skill level 9 in Long Blades
  5334 | D:7      | Reached XP level 9. HP: 74/78 MP: 8/8
  5368 | D:7      | Noticed Maggie
  5385 | D:7      | Killed Maggie
  5606 | D:7      | Reached skill level 10 in Long Blades
  5819 | Temple   | Entered the Ecumenical Temple
  5834 | Temple   | Became a worshipper of Warmaster Okawaru
  6125 | D:7      | Noticed Pikel
  6149 | D:7      | Killed Pikel
  6252 | D:7      | Identified the +7 rapier "Stringbean" {flame, rCorr Str-5
                  | Int+8 Dex-3}
  6268 | D:7      | Reached skill level 1 in Evocations
  6473 | D:8      | Reached * piety under Okawaru
  6730 | D:8      | Noticed a two-headed ogre
  6741 | D:8      | Reached skill level 11 in Long Blades
  6764 | D:8      | Killed a two-headed ogre
  6764 | D:8      | Reached ** piety under Okawaru
  6764 | D:8      | HP: 1/81 [wight/+0 dagger (8)]
  6764 | D:8      | Slain by a wight

Illustrated notes

Levels and vault maps discovered:
D:1:      lightli_arrival_statue_moat, layout_basic, serial_forest,
          infiniplex_forest_end_2, infiniplex_forest_lined_room_2,
          infiniplex_forest_lined_2, infiniplex_forest_clump_small,
          infiniplex_forest_straight_3, infiniplex_forest_lined_room_2
D:2:      layout_basic
D:3:      layout_basic, grunt_temple_overflow_champion_of_chaos,
          mainiacjoe_overflow_six_doors_small,
          dreamdust_ecumenical_altar_angels_and_demons, uniq_natasha
D:4:      layout_gridville, zin_angel
D:5:      layout_loops_ring, minmay_temple_entry_butterflies,
          gup_sewer_entry_glass
D:6:      layout_loops_cross, minmay_misc_feat_rugged
D:7:      layout_loops_ring, uniq_maggie, uniq_pikel
D:8:      kennysheep_ambush_hall, layout_gridville, grunt_temple_overflow_open
Temple:   hellmonk_temple_forest_ring

Skill      XL: |  1  2  3  4  5  6  7  8  9 |
---------------+----------------------------+-----
Shields        | 4 5 6 7 |  7.4
Armour         | 4 5 6 7 9 |  9.0
Long Blades    | 3 4 5 6 8 9 11 | 11.3
Fighting       | 4 5 6 7 |  7.8
Dodging        | 1 |  1.3
Evocations     | 1 |  1.3
Stealth        | |  0.7

Action                     |  1- 3 |  4- 6 |  7- 9 || total
---------------------------+-------+-------+-------++-------
  Melee: Long sword        |   133 |   167 |   354 ||   654
         Headbutt          |    12 |    27 |    63 ||   102
 Invoke: Heroism           |       |       |     1 ||     1
  Evoke: Wand              |       |       |     2 ||     2
    Use: Potion            |     1 |     3 |     2 ||     6
         Scroll            |       |     8 |     8 ||    16
 Armour: Scale mail        |    46 |       |       ||    46
         Plate armour      |    97 |   114 |   237 ||   448
  Dodge: Dodged            |    71 |    57 |    91 ||   219
  Block: Buckler           |    46 |    48 |    74 ||   168
